 Dungeon Crawl Stone Soup version 0.28-a0-1130-gc51a68064b (webtiles) character file.

Game seed: 2968007990639497458

135 ytrimaz the Insei (level 5, 0/34 HPs)
             Began as an Octopode Transmuter on Dec 12, 2021.
             Splashed by a jelly's acid (2 damage)
             ... on level 3 of the Dungeon.
             The game lasted 00:03:21 (3374 turns).

ytrimaz the Insei (Octopode Transmuter)             Turns: 3374, Time: 00:03:21

Health: 0/34       AC: -7    Str:  9    XL:     5   Next: 18%
Magic:  17/18      EV: 17    Int: 18    God:
Gold:   172        SH:  0    Dex: 12    Spells: 3/9 levels left

rFire   . . .      SeeInvis .     - Unarmed
rCold   . . .      Faith    .   (no shield)
rNeg    . . .      Spirit   .   (helmet currently unavailable)
rPois   .          Reflect  .   (no amulet)
rElec   .          Harm     .   a - ring of magical power
rCorr   .          Rampage  .   e - +4 ring of evasion
Will    .....                   (no ring)
Stlth   ++........              (no ring)
HPRegen 0.11/turn               (no ring)
MPRegen 0.16/turn               (no ring)
                                (no ring)
                                (no ring)

@: appendages, corroded
A: tentacle spike 3, almost no armour, amphibious, 8 rings, camouflage 1,
gelatinous body 1, (nimble swimmer 1), tentacles
a: End Transformation


You were on level 3 of the Dungeon.
One of your tentacles had grown a beastly spike.
You visited 1 branch of the dungeon, and saw 3 of its levels.

You collected 172 gold pieces.

Inventory:

Jewellery
 a - a ring of magical power (left tentacle)
 e - a +4 ring of evasion (right tentacle)
Scrolls
 b - 2 scrolls of noise
Potions
 c - 2 potions of degeneration {unknown}
 d - a potion of attraction {unknown}


   Skills:
 * Level 2.1 Fighting
 * Level 2.2 Dodging
 + Level 3.9 Unarmed Combat
 * Level 2.8 Spellcasting
 * Level 2.9 Transmutations
 * Level 1.0 Poison Magic


You had 3 spell levels left.
You knew the following spells:

 Your Spells              Type           Power      Damage    Failure   Level
a - Beastly Appendage     Tmut           26%        N/A       4%          1
b - Wereblood             Tmut           13%        N/A       8%          2
c - Spider Form           Tmut/Pois      9%         N/A       22%         3

Your spell library contained the following spells:

 Spells                   Type           Power      Damage    Failure   Level
 Ignite Poison            Fire/Tmut/Pois 7%         N/A       28%         3
 Mephitic Cloud           Conj/Pois/Air  3%         N/A       41%         3
 Ice Form                 Ice/Tmut       7%         N/A       65%         4
 Freezing Cloud           Conj/Ice/Air   1%         6-21      99%         5


Dungeon Overview and Level Annotations

Branches:
Dungeon (3/15)

Altars:
Xom


Innate Abilities, Weirdness & Mutations

One of your tentacles has grown a beastly spike.
You cannot wear most types of armour.
You are amphibious.
You can wear up to eight rings at the same time.
Your skin changes colour to match your surroundings (Stealth+).
Your rubbery body absorbs attacks. (AC +1, EV +1)
((You are camouflaged near water. (Stealth+)))
You have tentacles for arms and can constrict up to eight enemies at once.


Message History

Your Poison Magic skill increases to level 1!
You have reached level 5!
You feel clever.
You start resting.
Magic restored.
You start resting.
Your transformation is almost over.
You start resting.
Your tentacle spike disappears.
You start resting.
HP restored.
As you open the door, it creaks loudly!
An iguana comes into view.
The iguana hisses angrily.
You barely miss the iguana. You grab the iguana. You constrict the iguana.
The iguana misses you.
You tentacle-slap the iguana but do no damage.
The iguana is moderately wounded.
You constrict the iguana. The iguana barely misses you.
You tentacle-slap the iguana but do no damage.
The iguana is heavily wounded.
You constrict the iguana, but do no damage.
The iguana closely misses you.
You tentacle-slap the iguana.
You kill the iguana!
There is an open door here.
You see here an iguana corpse.
One of your tentacles grows a vicious spike.
The jelly quivers.
You open the door. You tentacle-slap the jelly. The acid corrodes you!
Your tentacles burn!
The jelly is lightly wounded.
The jelly hits you.
You are splashed with acid!
You tentacle-slap the jelly but do no damage.
Your tentacles burn!
You pierce the jelly.
The jelly is moderately wounded.
The jelly hits you. The acid corrodes you!
You are splashed with acid!
* * * LOW HITPOINT WARNING * * *
You tentacle-slap the jelly.
Your tentacles burn!
You die...

####### #...###
#...J.+ #..@### ..#
#...### ..##
#...†.+ _.#
#############...###
..##
#...............###
..##
#......######...'.+
.## #......#
#...###### ###.####
###.....#.# #.#
###...#..##.#


You could see a jelly.

Vanquished Creatures
  A jelly (D:3)
  Jessica (D:3)
  2 adders
  A worm (D:3)
  2 dart slugs
  7 ball pythons
  6 endoplasms
  2 giant cockroaches (D:1)
  3 goblins
  6 hobgoblins
  An iguana (D:3)
  2 jackals (D:2)
  2 quokkas
  4 bats
  4 kobolds
  5 rats
49 creatures vanquished.

Vanquished Creatures (others)
  A fungus (D:1)
1 creature vanquished.

Grand Total: 50 creatures vanquished

Notes
Turn   | Place    | Note
-------+----------+-------------------------------------------
     0 | D:1      | ytrimaz the Octopode Transmuter began the quest for the
                  | Orb.
     0 | D:1      | Reached XP level 1. HP: 13/13 MP: 3/3
   584 | D:1      | Reached XP level 2. HP: 18/18 MP: 3/5
   615 | D:1      | Found a faded altar of an unknown god.
  1185 | D:2      | Reached XP level 3. HP: 18/23 MP: 6/6
  2600 | D:3      | Learned a level 2 spell: Wereblood
  2604 | D:3      | Learned a level 3 spell: Spider Form
  2648 | D:3      | Reached XP level 4. HP: 29/29 MP: 7/7
  2681 | D:3      | Noticed Jessica
  2689 | D:3      | Killed Jessica
  3258 | D:3      | Found a shimmering altar of Xom.
  3278 | D:3      | Reached skill level 1 in Poison Magic
  3278 | D:3      | Reached XP level 5. HP: 24/34 MP: 9/9
  3374 | D:3      | Splashed by a jelly's acid

Illustrated notes

Levels and vault maps discovered:
D:1:      minmay_arrival_diagonal_passages, layout_rooms,
          dreamdust_ecumenical_altar_grove, minmay_tall_x
D:2:      layout_basic, minmay_quadrilaterals
D:3:      layout_rooms, dk_xom_monty_hall, uniq_jessica

Skill      XL: |  1  2  3  4 |
---------------+-------------+-----
Fighting       | 2 |  2.1
Poison Magic   | 1 |  1.0
Dodging        | |  2.2
Unarmed Combat | |  3.9
Spellcasting   | |  2.8
Transmutations | |  2.9

Action                   |  1- 3 |  4- 6 || total
-------------------------+-------+-------++-------
Melee: Unarmed           |    91 |    36 ||   127
       Constrict         |    25 |     6 ||    31
       Kick              |    21 |     7 ||    28
       Tentacles         |     9 |     4 ||    13
       Punch             |     2 |     1 ||     3
 Cast: Beastly Appendage |    18 |     6 ||    24
       Spider Form       |     1 |       ||     1
  Use: Scroll            |     2 |       ||     2
 Stab: Sleeping          |     7 |     1 ||     8
Armor: Skin              |    11 |     1 ||    12
Dodge: Dodged            |    65 |    22 ||    87

Table legend: (Time is in decaauts)
 A = Elapsed time spent in this place.
 B = Non-inter-level travel time spent in this place.
 C = Inter-level travel time spent in this place.
 D = Time resting spent in this place.
 E = Time spent auto-exploring this place.
 F = Levels seen in this place.
 G = Mean time per level.
                   A        B        C        D        E       F      G
               +--------+--------+--------+--------+--------+-----+--------+
         Total |   3363 |   3319 |     44 |    305 |   2612 |   3 | 1121.0 |
       Dungeon |   3363 |   3319 |     44 |    305 |   2612 |   3 | 1121.0 |
               +--------+--------+--------+--------+--------+-----+--------+

Top non-repeatable levels by time:
     D:2: 1415 daAuts
     D:1: 1174 daAuts
     D:3: 774 daAuts
